 Dungeon Crawl Stone Soup version 0.25-a0-253-g6f1b5d974a (webtiles) character file.

Game seed: 13262079417601359657, levelgen mode: classic

48169 Borgoz the Carver (level 14, -7/90 HPs)
             Began as a Gargoyle Gladiator on Dec 5, 2019.
             Was an Elder of Ashenzari.
             Mangled by Rupert
             ... wielding a +6 battleaxe of flaming
              (10 damage)
             ... on level 6 of the Lair of Beasts.
             The game lasted 00:52:21 (21605 turns).

Borgoz the Carver (Gargoyle Gladiator)             Turns: 21605, Time: 00:52:22

Health: -7/90      AC: 24    Str: 28    XL:     14   Next: 45%
Magic:  19/19      EV: 23    Int:  9    God:    Ashenzari [****..]
Gold:   1446       SH:  0    Dex: 19    Spells: 17/17 levels left

rFire    . . .     SeeInvis +   H - +1 scimitar (slice)
rCold    + + .     Gourm    .   (no shield)
rNeg     + . .     Faith    .   s - +1 ring mail of Yesterday {rC+ Dex+3 Stlth+}
rPois    ∞         Spirit   .   c - +0 helmet
rElec    +         Reflect  .   (no cloak)
rCorr    .         Harm     .   j - +0 pair of gloves
MR       +....     Clarity  +   b - +1 pair of boots
Stlth    +++.......             x - amulet of rage
HPRegen  0.25/turn              F - ring of protection from cold
MPRegen  0.16/turn              y - +5 ring of strength

@: agile, berserk cooldown, very slightly contaminated, slowed, very slow
A: big wings, negative energy resistance 1, electricity resistance, unbreathing,
petrification resistance, rot immunity, AC +10
a: Fly, Curse Item, Scrying, Renounce Religion, Evoke Berserk Rage


You were on level 6 of the Lair of Beasts.
You worshipped Ashenzari.
Ashenzari was greatly pleased with you.
You were hungry.

You visited 3 branches of the dungeon, and saw 21 of its levels.

You collected 1446 gold pieces.

Inventory:

Hand Weapons
 H - a +1 scimitar of slicing (weapon)
Missiles
 d - 2 throwing nets (quivered)
Armour
 b - a +1 pair of boots (worn)
 c - a +0 helmet (worn)
 j - a +0 pair of gloves (worn)
 s - the +1 ring mail of Yesterday (worn) {rC+ Dex+3 Stlth+}
   (You found it on level 7 of the Dungeon)

   It affects your dexterity (+3).
   It protects you from cold.
   It makes you more stealthy.
 C - the +2 chain mail of Wuilar {Dex+5 Stlth+}
   (You found it on level 2 of the Lair of Beasts)

   It affects your dexterity (+5).
   It makes you more stealthy.
Jewellery
 q - an uncursed ring of protection from magic
 u - an uncursed ring of resist corrosion
 x - an amulet of rage (around neck)
 y - a +5 ring of strength (right hand)
 F - a ring of protection from cold (left hand)
 G - an uncursed ring of fire
 I - a +4 ring of protection
 N - an uncursed amulet of the gourmand
Wands
 o - a wand of clouds (2)
 A - a wand of random effects (16)
 D - a wand of digging (8)
 E - a wand of iceblast (32)
 L - a wand of acid (9)
Scrolls
 g - 12 scrolls of teleportation
 h - a scroll of fear
 p - 10 scrolls of remove curse
 r - a scroll of enchant weapon
 z - 4 scrolls of enchant armour
 B - 2 scrolls of blinking
Potions
 e - a potion of brilliance
 i - 3 potions of resistance {unknown}
 k - 4 potions of might {unknown}
 m - 3 potions of flight {unknown}
 n - 8 potions of curing
 t - a potion of cancellation {unknown}
 v - 2 potions of magic {unknown}
 w - 2 potions of haste {unknown}
 M - a potion of mutation {unknown}
Comestibles
 f - 15 rations


   Skills:
 + Level 11.6 Fighting
 * Level 13.6 Long Blades
 - Level 1.7 Throwing
 + Level 11.4 Armour
 + Level 9.2 Dodging
 + Level 2.2 Spellcasting
 - Level 7.4 Evocations


You had 17 spell levels left.
You didn't know any spells.
Your spell library contained the following spells:

 Spells                   Type           Power        Failure   Level  Hunger
 Foxfire                  Conj/Fire      #...         41%         1    ##.....
 Magic Dart               Conj           #...         41%         1    ##.....
 Sting                    Tmut/Pois      #...         41%         1    ##.....
 Summon Small Mammal      Summ           #...         41%         1    ##.....
 Blink                    Tloc           N/A          54%         2    ###....
 Call Imp                 Summ           #.......     54%         2    ###....
 Corpse Rot               Necr/Air       N/A          54%         2    ###....
 Poisonous Vapours        Pois/Air       #.....       54%         2    ###....
 Slow                     Hex            #.......     54%         2    ###....
 Call Canine Familiar     Summ           #.......     78%         3    ####...
 Conjure Flame            Conj/Fire      #.......     78%         3    ####...
 Ignite Poison            Fire/Tmut/Pois #.......     78%         3    ####...
 Inner Flame              Hex/Fire       #.......     78%         3    ####...
 Mephitic Cloud           Conj/Pois/Air  #.......     78%         3    ####...
 Summon Guardian Golem    Hex/Summ       #.......     78%         3    ####...
 Olgreb's Toxic Radiance  Pois           #.......     99%         4    #####..
 Sticky Flame             Conj/Fire      #.......     99%         4    #####..
 Summon Ice Beast         Ice/Summ       #.......     99%         4    #####..
 Summon Lightning Spire   Summ/Air       #.......     99%         4    #####..
 Agony                    Necr           #.......     100%        5    ######.
 Dispel Undead            Necr           #.......     100%        5    ######.
 Excruciating Wounds      Chrm/Necr      #.........   100%        5    ######.
 Fireball                 Conj/Fire      #.........   100%        5    ######.
 Sublimation of Blood     Necr           Unusable     N/A         2    N/A

Dungeon Overview and Level Annotations

Branches:
Dungeon (14/15)            Temple (1/1) D:5            Lair (6/6) D:9
  Swamp (0/4) Lair:2        Snake (0/4) Lair:3        Slime (0/5) Lair:5
    Orc (0/2) D:11
 Vaults: D:13-14

Altars:
Ashenzari
Cheibriados
Dithmenos
Elyvilon
Fedhas
Gozag
Hepliaklqana
Kikubaaqudgha
Makhleb
Nemelex Xobeh
Okawaru
Qazlal
Ru
Sif Muna
Trog
Uskayaw
Vehumet
Wu Jian
Xom
Yredelemnul
Zin
The Shining One
Beogh
Lugonu

Shops:
D:4 [*   D:13 (

Annotations:
D:6 1 runed translucent door, mcbry's ghost, novice HOFi
Lair:2 exclusion: ice statue
Lair:6 Rupert


Innate Abilities, Weirdness & Mutations

You are resistant to torment.
Your stone body is resilient. (AC +10)
You are immune to poison.
Your large and strong wings let you fly indefinitely.
You resist negative energy. (rN+)
You are resistant to electric shocks. (rElec)
You can survive without breathing.
You are immune to petrification.
You are immune to rotting.


Message History

Rupert closely misses you.
You feel a strong urge to attack something.
You feel your anger nearly subside.
You are no longer berserk.
You are exhausted.
You feel yourself slow down.
Okay, then.
Blink to where?
Press: ? - help, Dir - move target cursor You are very lightly contaminated with residual magic.
As you read the scroll of blinking, it crumbles to dust.
Evoke which item? (* to show all) (? for menu, Esc to quit)
Aiming: Corrosive Bolt
Press: ? - help, Shift-Dir - straight line, f - Rupert
Aim: Rupert, wielding a +6 battleaxe of flaming and wearing a +0 ring mail (heavily wounded, berserk, fast, unusually strong)
Okay, then.
You feel much better.
Rupert hits you with a +6 battleaxe of flaming!!
* * * LOW HITPOINT WARNING * * *
Rupert burns you!
You die...

##P##.PP....###...P..##..## ,
#.........................# .
##........................####.
##.##......................#..
#####....................###..
##.###....................# ..≈
#..P.................(....##..≈
#.............................≈
#P..#.P..#....@.......#.....≈.≈
#.P###..P##.#P@.##.###......≈≈≈
#####.#..####P§##### #.#...P..≈
####.##..###....#.# #...#.≈.≈≈
#........#.###....#.......#..≈≈
#............................≈≈
#...........P..#......##.PPP..≈#
#.........##.†††###..###..P..≈≈≈
##.......####.†##*,..# * , ≈≈


You could see Rupert (berserk).

Vanquished Creatures
  Snorg (Lair:4)
  5 hydras
  A catoblepas (Lair:2)
  3 death yaks (Lair:3)
  A death knight (D:11)
  4 two-headed ogres
  Sonja (Lair:2)
  A skeletal warrior (D:13)
  An unseen horror (D:12)
  Pikel (D:4)
  A deep elf mage (D:13)
  A manticore (D:13)
  2 cyclopes
  An ugly thing (D:11)
  An elephant (D:9)
  3 black mambas
  2 gargoyles
  11 spiny frogs
  3 centaur skeletons
  7 komodo dragons
  A rime drake (Lair:2)
  A troll (D:10)
  A polar bear (Lair:2)
  Prince Ribbit (D:9)
  A tyrant leech (Lair:6)
  A slime creature (D:13)
  A hornet (D:8)
  12 hippogriffs
  6 dream sheep (Lair:4)
  7 blink frogs (Lair:6)
  Sigmund (D:2)
  30 yaks
  3 basilisks
  4 hungry ghosts
  6 wyverns
  5 vampire mosquitoes
  2 swamp worms (Lair:2)
  4 nagas (Lair:3)
  Edmund (D:3)
  7 porcupines
  10 water moccasins
  A soldier ant (D:12)
  3 black bears
  13 orc warriors
  2 sky beasts
  An eye of draining (D:13)
  4 slaves
  8 ice beasts
  4 ogres
  4 phantoms
  A necrophage (D:10)
  16 centaurs
  15 wolves
  11 crocodiles
  A big kobold (D:10)
  Blork the orc (D:4)
  18 bullfrogs
  A scorpion (D:9)
  14 wights
  2 howler monkeys
  7 crimson imps
  2 centaur zombies
  A quasit (D:10)
  2 bullfrog zombies (D:11)
  5 hounds
  6 jellies
  13 orc wizards
  4 bullfrog skeletons
  Crazy Yiuf (D:6)
  16 orc priests
  A gnoll shaman (D:6)
  3 iguanas
  Terence (D:2)
  6 worker ants
  2 hound zombies
  A hound skeleton (D:7)
  A worker ant zombie (D:6)
  9 gnolls
  11 adders
  4 white imps (Lair:2)
  5 oozes (D:13)
  An adder skeleton (D:6)
  An adder zombie (D:7)
  2 worms (D:3)
  2 dart slugs
  3 leopard geckos
  76 orcs
  15 giant cockroaches
  6 goblins
  4 hobgoblins
  13 jackals
  5 quokkas
  A ball python (D:1)
  8 bats
  6 frilled lizards
  A jackal skeleton (D:4)
  10 kobolds
  21 rats
  A plant (Lair:2)
553 creatures vanquished.

Vanquished Creatures (others)
  2 orcs (D:11)
  11 fungi
  40 plants
  2 withered plants (D:6)
55 creatures vanquished.

Grand Total: 608 creatures vanquished

Notes
Turn   | Place    | Note
-------+----------+-------------------------------------------
     0 | D:1      | Borgoz the Gargoyle Gladiator began the quest for the Orb.
     0 | D:1      | Reached XP level 1. HP: 12/12 MP: 1/1
    45 | D:1      | Reached XP level 2. HP: 17/18 MP: 2/2
   114 | D:1      | Reached skill level 3 in Long Blades
   269 | D:1      | Reached skill level 1 in Armour
   299 | D:1      | Reached XP level 3. HP: 22/22 MP: 3/3
   671 | D:2      | Reached XP level 4. HP: 20/27 MP: 4/4
   776 | D:2      | Noticed Terence
   792 | D:2      | Killed Terence
  1014 | D:2      | Noticed Sigmund
  1015 | D:2      | Reached XP level 5. HP: 32/32 MP: 5/5
  1029 | D:2      | Killed Sigmund
  1029 | D:2      | Reached skill level 4 in Long Blades
  1029 | D:2      | Reached XP level 6. HP: 26/37 MP: 6/6
  1313 | D:3      | Found a sparkling altar of Nemelex Xobeh.
  1526 | D:3      | Found a bloodstained altar of Trog.
  1851 | D:4      | Found Esurah's Antique Armour Shop.
  1883 | D:4      | Found a shattered altar of Ashenzari.
  1908 | D:4      | Found Fufupp's General Store.
  1913 | D:4      | Noticed a slave
  1913 | D:4      | Noticed a slave
  1946 | D:4      | Killed a slave
  1957 | D:4      | Killed a slave
  2196 | D:4      | Noticed a slave
  2196 | D:4      | Noticed a slave
  2197 | D:4      | Noticed Edmund
  2231 | D:3      | Killed a slave
  2255 | D:3      | Killed a slave
  2440 | D:3      | Killed Edmund
  2479 | D:4      | Reached XP level 7. HP: 40/43 MP: 7/7
  2621 | D:4      | Became a worshipper of Ashenzari the Shackled
  2647 | D:4      | Noticed Blork the orc
  2665 | D:4      | Killed Blork the orc
  2665 | D:4      | Reached skill level 5 in Long Blades
  2827 | D:4      | Noticed Pikel
  2853 | D:4      | Killed Pikel
  2853 | D:4      | Reached skill level 5 in Fighting
  2853 | D:4      | Reached skill level 6 in Long Blades
  2853 | D:4      | Reached XP level 8. HP: 40/49 MP: 8/8
  3104 | D:5      | Entered Level 5 of the Dungeon
  3110 | D:5      | Found a staircase to the Ecumenical Temple.
  3138 | Temple   | Entered the Ecumenical Temple
  3201 | D:5      | Noticed an angel
  3219 | D:5      | Found a shimmering altar of Xom.
  3445 | D:5      | Found a glowing silver altar of Zin.
  3701 | D:5      | Got the dagger of Ybuicah {freeze, Int+3}
  3702 | D:5      | Identified the +5 dagger of Ybuicah {freeze, Int+3} (You
                  | found it on level 5 of the Dungeon)
  4139 | D:6      | Found a runed translucent door.
  4140 | D:6      | Noticed mcbry's ghost (novice HOFi)
  4145 | D:6      | Found an opulent altar of Gozag.
  4196 | D:6      | Reached skill level 5 in Armour
  4214 | D:6      | Reached skill level 1 in Evocations
  4249 | D:6      | Reached skill level 7 in Long Blades
  4268 | D:6      | Reached XP level 9. HP: 55/55 MP: 9/9
  4418 | D:6      | Reached * piety under Ashenzari
  4717 | D:6      | Found a runed translucent door.
  4718 | D:6      | Noticed Crazy Yiuf
  4808 | D:6      | Found an ancient bone altar of Kikubaaqudgha.
  4811 | D:6      | Found a hide-covered altar of Uskayaw.
  4817 | D:6      | Found a glowing golden altar of the Shining One.
  4909 | D:6      | Reached skill level 5 in Dodging
  4993 | D:6      | Found a shimmering blue altar of Sif Muna.
  5057 | D:6      | Killed Crazy Yiuf
  5286 | D:7      | Found a stormy altar of Qazlal.
  5416 | D:7      | Reached skill level 8 in Long Blades
  5583 | D:7      | Got the uncursed ring mail of Yesterday {rC+ Dex+3 Stlth+}
  5594 | D:7      | Identified the +1 ring mail of Yesterday {rC+ Dex+3 Stlth+}
                  | (You found it on level 7 of the Dungeon)
  5904 | D:7      | Reached XP level 10. HP: 61/61 MP: 12/12
  6044 | D:7      | Found a hazy altar of Hepliaklqana.
  6055 | D:7      | Found a white marble altar of Elyvilon.
  6530 | D:8      | Identified the +5 war axe of Fate {flame, -Tele *Slow rN+++
                  | Str+8}
  6689 | D:8      | Found a snail-covered altar of Cheibriados.
  6789 | D:8      | Noticed a two-headed ogre
  6801 | D:8      | Killed a two-headed ogre
  6801 | D:8      | Reached skill level 9 in Long Blades
  6992 | D:8      | Found a roughly hewn altar of Beogh.
  7391 | D:9      | Found a staircase to the Lair.
  7391 | D:9      | Noticed an elephant
  7415 | D:9      | Killed an elephant
  8010 | D:9      | Reached XP level 11. HP: 16/68 MP: 14/14
  8536 | D:9      | Noticed Prince Ribbit
  8569 | D:9      | Killed Prince Ribbit
  9061 | D:9      | Found a burning altar of Makhleb.
  9300 | D:10     | Entered Level 10 of the Dungeon
  9352 | D:10     | Reached ** piety under Ashenzari
  9656 | D:10     | Reached skill level 10 in Long Blades
  9678 | D:10     | Reached skill level 5 in Evocations
 10507 | D:11     | Found a staircase to the Orcish Mines.
 11047 | D:11     | Noticed a cyclops
 11060 | D:11     | Killed a cyclops
 11299 | D:11     | Noticed a cyan ugly thing
 11314 | D:11     | Killed a cyan ugly thing
 11821 | D:11     | Noticed a two-headed ogre
 11830 | D:11     | Killed a two-headed ogre
 11910 | D:11     | Reached *** piety under Ashenzari
 11980 | D:12     | Noticed a death knight
 12003 | D:11     | Killed a death knight
 12003 | D:11     | Reached XP level 12. HP: 35/76 MP: 16/16
 12668 | D:12     | Reached skill level 11 in Long Blades
 12695 | D:12     | Noticed a two-headed ogre
 12726 | D:12     | Killed a two-headed ogre
 13004 | D:12     | Found a shattered altar of Ashenzari.
 13549 | D:13     | Noticed a two-headed ogre
 13561 | D:13     | Killed a two-headed ogre
 14105 | D:13     | Reached skill level 10 in Fighting
 14357 | D:13     | Got the cursed mace "Leuly" {speed, rN+}
 14461 | D:13     | Found Nigeusa's Weapon Emporium.
 14685 | D:14     | Noticed a five-headed hydra
 14884 | Lair:1   | Entered Level 1 of the Lair of Beasts
 14923 | Lair:1   | Reached XP level 13. HP: 71/82 MP: 18/18
 15069 | Lair:1   | Reached skill level 12 in Long Blades
 15632 | Lair:1   | Reached skill level 10 in Armour
 17104 | Lair:2   | Noticed Sonja
 17108 | Lair:2   | Killed Sonja
 17112 | Lair:2   | Got the uncursed chain mail of Wuilar {Dex+5 Stlth+}
 17790 | Lair:2   | Found a staircase to the Swamp.
 18252 | Lair:3   | Found a staircase to the Snake Pit.
 19053 | Lair:3   | Reached skill level 13 in Long Blades
 19309 | Lair:4   | Reached **** piety under Ashenzari
 19432 | Lair:4   | Noticed Snorg
 19451 | Lair:4   | Killed Snorg
 19451 | Lair:4   | Gained mutation: Your large and strong wings let you fly
                  | indefinitely. [Gargoyle growth]
 19451 | Lair:4   | Reached XP level 14. HP: 90/90 MP: 19/19
 20069 | Lair:5   | Identified the +2 chain mail of Wuilar {Dex+5 Stlth+} (You
                  | found it on level 2 of the Lair of Beasts)
 20139 | Lair:5   | Found a staircase to the Slime Pits.
 20199 | Lair:5   | Reached skill level 1 in Spellcasting
 20809 | Lair:6   | Entered Level 6 of the Lair of Beasts
 21568 | Lair:6   | Noticed Rupert
 21605 | Lair:6   | HP: 3/90 [Rupert/+6 battleaxe of flaming (25)]
 21605 | Lair:6   | Mangled by Rupert

Levels and vault maps discovered:
D:1:      erik_arrival_orb_chamber, layout_rooms
D:2:      layout_rooms, uniq_sigmund, uniq_terence
D:3:      layout_basic, lemuel_doored_altar, old_standard_altar,
          skrybe_limestone_x
D:4:      layout_gridville, nicolae_ashenzari_panopticon, serial_shops,
          nicolae_shop_competitors_out_of_business, shop_coins, uniq_edmund,
          uniq_blork_the_orc, uniq_pikel
D:5:      layout_basic, grunt_temple_overflow_order_and_chaos_1,
          minmay_temple_entry_gardened_gates, first_ration
D:6:      layout_cave_pools, nicolae_gozag_seed_capital,
          grunt_temple_overflow_diamond, lemuel_blue_sif_altar,
          gammafunk_ghost_grave, uniq_crazy_yiuf_cottage
D:7:      layout_loops_cross, amethyst_overflow_temple_binary,
          kennysheep_little_box
D:8:      layout_loops_cross, nicolae_overflow_crystal_walls, special_room
          [special_room_orc]
D:9:      layout_basic, marbit_many_paths, david_lair_generic,
          serial_corexii_hall, corexii_hall_statues_i,
          chequers_hall_statues_wall_a, corexii_hall_statues_t,
          corexii_hall_statues_i, corexii_hall_statues_x,
          corexii_hall_statues_l, uniq_prince_ribbit1
D:10:     layout_basic
D:11:     layout_grid_maze, orc_david_3
D:12:     layout_rooms, basic_altar
D:13:     layout_loops_ring, serial_shops, nicolae_shop_trees,
          hangedman_little_slice_of_home
D:14:     layout_loops_cross, erik_vaults_2, kennysheep_donut, serial_shops,
          nicolae_shop_stone, serial_bayou_lagoon_a, uniq_frances
Temple:   corrupted_temple
Lair:1:   layout_regular_city
Lair:2:   layout_chaotic_city, palyth_hydra_swamp_entry,
          hangedman_lair_unloving_vines, ice2_lemuel, serial_bayou_shore_a,
          uniq_sonja
Lair:3:   layout_gridlike, minmay_snake_entry_guardpost_small
Lair:4:   layout_small_grid, serial_bayou_pond_b, uniq_snorg
Lair:5:   layout_loops_ring, slime_dummy, grunt_megastairs_5
Lair:6:   minmay_lair_end_frog_pond, layout_small_grid, uniq_rupert

Skill      XL: |  1  2  3  4  5  6  7  8  9 10 11 12 13 14 |
---------------+-------------------------------------------+-----
Long Blades    | 3 4 6 7 8 9 10 11 13 | 13.6
Armour         | 1 2 3 4 5 6 7 8 9 10 11 | 11.4
Fighting       | 3 4 5 6 7 9 10 11 | 11.6
Dodging        | 3 4 5 6 7 8 9 |  9.2
Evocations     | 1 3 4 5 6 7 |  7.4
Spellcasting   | 2 |  2.2
Throwing       | |  1.7

Action                   |  1- 3 |  4- 6 |  7- 9 | 10-12 | 13-15 || total
-------------------------+-------+-------+-------+-------+-------++-------
Melee: Long sword        |   108 |   208 |   456 |  1231 |   330 ||  2333
       Scimitar          |       |       |       |       |   385 ||   385
Throw: Throwing net      |       |     3 |       |     1 |       ||     4
 Abil: Evoke Berserk Rag |       |       |       |    18 |     5 ||    23
Evoke: Wand              |       |       |       |     3 |    21 ||    24
  Use: Scroll            |       |     5 |     7 |     9 |     4 ||    25
       Potion            |       |       |       |     2 |     4 ||     6
 Stab: Held in net/web   |       |     1 |       |     3 |       ||     4
       Distracted        |       |       |     1 |     1 |       ||     2
       Sleeping          |       |       |       |     2 |     4 ||     6
  Eat: Chunk             |       |     3 |    14 |    41 |    18 ||    76
       Ration            |       |     1 |     5 |     6 |     2 ||    14
Armor: Leather armour    |     4 |       |       |       |       ||     4
       Scale mail        |    82 |   111 |   256 |       |       ||   449
       Ring mail         |       |       |     9 |   510 |   417 ||   936
Dodge: Dodged            |    74 |   123 |   266 |   810 |   697 ||  1970
       Rpst.: Long sword |    25 |    37 |    82 |   223 |    77 ||   444
       Scimitar          |       |       |       |       |    85 ||    85

Table legend:
 A = Non-vault XP
 B = Vault XP
 C = Vault XP percentage of total XP
 D = Non-vault monster count
 E = Vault monster count
 F = Vault count percentage of total count
                 A         B        C        D         E       F
            +---------+---------+-------+---------+---------+-------
      Total |   53206 |   15608 |  22.7 |     439 |     109 |  19.9
            +---------+---------+-------+---------+---------+-------
        D:1 |      44 |      12 |  21.4 |      25 |      12 |  32.4
        D:2 |      75 |     263 |  77.8 |      22 |       2 |   8.3
        D:3 |      51 |     157 |  75.5 |      19 |       1 |   5.0
        D:4 |     319 |     713 |  69.1 |       8 |       2 |  20.0
        D:5 |     338 |       0 |   0.0 |       7 |       0 |   0.0
        D:6 |    1160 |      41 |   3.4 |      39 |       1 |   2.5
        D:7 |    1657 |       0 |   0.0 |      29 |       0 |   0.0
        D:8 |    2502 |     493 |  16.5 |      33 |      24 |  42.1
        D:9 |    1576 |    1336 |  45.9 |      26 |       6 |  18.8
       D:10 |    2715 |       0 |   0.0 |      32 |       0 |   0.0
       D:11 |    5622 |     523 |   8.5 |      38 |       6 |  13.6
       D:12 |    4198 |       0 |   0.0 |      31 |       0 |   0.0
       D:13 |    7109 |     436 |   5.8 |      29 |       9 |  23.7
     Lair:1 |    4474 |     384 |   7.9 |      16 |       3 |  15.8
     Lair:2 |    5094 |    4308 |  45.8 |      24 |      16 |  40.0
     Lair:3 |    7083 |     651 |   8.4 |      26 |       4 |  13.3
     Lair:4 |    1738 |    1429 |  45.1 |       7 |       2 |  22.2
     Lair:5 |    5859 |    1533 |  20.7 |      19 |       7 |  26.9
     Lair:6 |    1592 |    3329 |  67.6 |       9 |      14 |  60.9
            +---------+---------+-------+---------+---------+-------
